 Dungeon Crawl Stone Soup version 0.30-a0-365-ge7f957f1db (webtiles) character file.

Game seed: 12041507639874267751

42 Philosiphyzer the Trooper (level 3, -3/33 HPs)
             Began as a Hill Orc Fighter on Nov 17, 2022.
             Slain by a gnoll
             ... wielding a +0 spear
              (6 damage)
             ... on level 2 of the Dungeon.
             The game lasted 00:01:38 (1569 turns).

Philosiphyzer the Trooper (Hill Orc Fighter)        Turns: 1569, Time: 00:01:38

Health: -3/33      AC:  9    Str: 20    XL:     3   Next: 54%
Magic:  3/3        EV:  7    Int:  8    God:
Gold:   114        SH:  4    Dex: 10    Spells: 2/2 levels left

rFire   . . .      SeeInvis .    a - +0 war axe
rCold   . . .      Faith    .    c - +0 buckler
rNeg    . . .      Spirit   .    n - +0 chain mail
rPois   .          Reflect  .    (no helmet)
rElec   .          Harm     .    (no cloak)
rCorr   .          Rampage  .    (no gloves)
Will    .....                    (no boots)
Stlth   ..........               (no amulet)
HPRegen 0.25/turn                (no ring)
MPRegen 0.08/turn                (no ring)

@: no status effects
A: no striking features
a: no special abilities


You were on level 2 of the Dungeon.
You visited 1 branch of the dungeon, and saw 2 of its levels.

You collected 114 gold pieces.

Inventory:

Hand Weapons
 a - a +0 war axe (weapon)
Armour
 c - a +0 buckler (worn)
 n - a +0 chain mail (worn)
Scrolls
 e - a scroll of teleportation {unknown}
 g - 2 scrolls of blinking {unknown}
 h - a scroll of poison {unknown}
 k - a scroll of butterflies {unknown}
 m - a scroll of noise {unknown}
Potions
 b - a potion of flight {unknown}
 d - a potion of might
 f - 2 potions of ambrosia {unknown}
 i - 2 potions of lignification {unknown}
 j - 2 potions of haste {unknown}
 l - a potion of invisibility {unknown}


   Skills:
 + Level 4.1 Fighting
 + Level 3.3 Axes
 + Level 3.7 Armour
 + Level 3.7 Shields


You had 2 spell levels left.
You didn't know any spells.
Your spell library was empty.

Dungeon Overview and Level Annotations

Branches:
Dungeon (2/15)

Altars:


Message History

The gnoll hits you but does no damage. The gnoll hits you but does no damage.
You closely miss the gnoll. You block the gnoll's attack.
You barely miss the gnoll. The gnoll hits you with a +0 spear.
You hit the gnoll.
The gnoll is moderately wounded.
You block the gnoll's attack. x2
The gnoll hits you from afar with a +0 spear.
You block the gnoll's attack.
You barely miss the gnoll.
The gnoll is moderately wounded.
The gnoll hits you but does no damage. You block the gnoll's attack.
You hit the gnoll but do no damage.
The gnoll is moderately wounded.
The gnoll hits you from afar with a +0 spear.
The gnoll hits you with a +0 spear.
The gnoll hits you from afar with a +0 spear.
The gnoll barely misses you.
You hit the gnoll.
The gnoll is heavily wounded.
You block the gnoll's attack. The gnoll hits you but does no damage.
You barely miss the gnoll.
The gnoll is heavily wounded.
The gnoll hits you with a +0 spear.
The gnoll hits you from afar with a +0 spear.
You closely miss the gnoll.
The gnoll is heavily wounded.
The gnoll hits you but does no damage. The gnoll hits you with a +0 spear!
* * * LOW HITPOINT WARNING * * *
The gnoll completely misses you. The gnoll hits you with a +0 spear!
* * * LOW HITPOINT WARNING * * *
You are too injured to fight recklessly!
You are too injured to fight recklessly!
You are too injured to fight recklessly!
You are too injured to fight recklessly!
Unknown command.
You are too injured to fight recklessly!
The gnoll barely misses you.
The gnoll hits you from afar with a +0 spear.
You die...

################ .#
.......))......# .. #######
.#############.##.# #.# #......
................#.# #.# #.#####
...###########..#.# #.# #.#
............g...#.# #.# #.#
.......#######g...# #.# #.#
.g.....#..........# #.# #.#
.......#.####...@.# #.# #.#
.......# #.#+#.# #.# #.#
.......#.####.#.#.####.####.#####
................................>
....g..#....#.#.#.####...........
####.#.#.#.# ######.##### .
..#.#.. ........... ##.###.####
####.....### .. ... .........#


You could see 2 gnolls.

Vanquished Creatures
  2 gnolls (D:2)
  5 endoplasms
  2 giant cockroaches
  2 goblins
  A hobgoblin (D:2)
  3 jackals (D:1)
  A bat (D:1)
  2 frilled lizards (D:1)
  A kobold (D:1)
  4 rats (D:1)
23 creatures vanquished.

Notes
Turn   | Place    | Note
-------+----------+-------------------------------------------
     0 | D:1      | Philosiphyzer the Hill Orc Fighter began the quest for the
                  | Orb.
     0 | D:1      | Reached XP level 1. HP: 19/19 MP: 1/1
   159 | D:1      | Reached XP level 2. HP: 27/27 MP: 2/2
   812 | D:1      | Reached skill level 4 in Fighting
  1350 | D:2      | Reached XP level 3. HP: 33/33 MP: 3/3
  1564 | D:2      | HP: 1/33 [gnoll/+0 spear (8)]
  1569 | D:2      | Slain by a gnoll

Illustrated notes

Levels and vault maps discovered:
D:1:      nicolae_arrival_washed_ashore, layout_basic, st_stairs_9,
          minmay_misc_feat_columns
D:2:      layout_basic

Skill      XL: |  1  2 |
---------------+-------+-----
Axes           | 3 |  3.3
Fighting       | 4 |  4.1
Armour         | |  3.7
Shields        | |  3.7

Action                   || total
-------------------------++-------
Melee: War axe           ||    69
Armor: Scale mail        ||    20
       Chain mail        ||     8
Dodge: Dodged            ||    42
Block: Buckler           ||    25

Table legend: (Time is in decaauts)
 A = Elapsed time spent in this place.
 B = Non-inter-level travel time spent in this place.
 C = Inter-level travel time spent in this place.
 D = Time resting spent in this place.
 E = Time spent auto-exploring this place.
 F = Levels seen in this place.
 G = Mean time per level.
                   A        B        C        D        E       F      G
               +--------+--------+--------+--------+--------+-----+--------+
         Total |   1596 |   1575 |     21 |     45 |   1298 |   2 |  798.0 |
       Dungeon |   1596 |   1575 |     21 |     45 |   1298 |   2 |  798.0 |
               +--------+--------+--------+--------+--------+-----+--------+

Top non-repeatable levels by time:
     D:1: 1029 daAuts
     D:2: 567 daAuts
